 Dungeon Crawl Stone Soup version 0.23.2-1-ga50397a6bc (webtiles) character file.

Game seed: 6671345702175275411

476 Moonwind the Cudgeler (level 7, -3/43 HPs)
             Began as a Gargoyle Fighter on Apr 22, 2019.
             Was an Initiate of Nemelex Xobeh.
             Slain by an ice beast (7 damage)
             ... on level 4 of the Dungeon.
             The game lasted 00:15:10 (2810 turns).

Moonwind the Cudgeler (Gargoyle Fighter)            Turns: 2810, Time: 00:15:12

Health: -3/43      AC: 11    Str: 22    XL:     7   Next: 10%
Magic:  7/7        EV:  8    Int:  8    God:    Nemelex Xobeh [......]
Gold:   150        SH:  9    Dex:  9    Spells: 6/6 levels left

rFire    . . .     SeeInvis .   a - +0 flail
rCold    . . .     Gourm    .   c - +0 shield
rNeg     + . .     Faith    .   b - +0 scale mail
rPois    ∞         Spirit   .   (no helmet)
rElec    +         Reflect  .   (no cloak)
rCorr    .         Harm     .   (no gloves)
MR       .....                  (no boots)
Stlth    ..........             s - amulet of the acrobat
HPRegen  0.14/turn              (no ring)
MPRegen  0.10/turn              (no ring)

@: no status effects
A: negative energy resistance 1, electricity resistance, unbreathing,
petrification resistance, rot immunity, AC +4
a: Draw Escape, Draw Destruction, Draw Summoning, Renounce Religion


You were on level 4 of the Dungeon.
You worshipped Nemelex Xobeh.
Nemelex Xobeh was noncommittal.
You were very hungry.

You visited 1 branch of the dungeon, and saw 4 of its levels.

You collected 150 gold pieces.

Inventory:

Hand Weapons
 a - a +0 flail (weapon)
Armour
 b - a +0 scale mail (worn)
 c - a +0 shield (worn)
Jewellery
 j - an uncursed amulet of harm
 s - an amulet of the acrobat (around neck)
Wands
 u - a wand of iceblast (8)
Scrolls
 g - a scroll of enchant weapon {unknown}
 m - 2 scrolls of amnesia {unknown}
 n - a scroll of teleportation {unknown}
 o - a scroll of noise {unknown}
 p - a scroll of fog {unknown}
 r - a scroll of remove curse {unknown}
Potions
 d - a potion of mutation
 e - a potion of agility
 h - a potion of heal wounds {unknown}
 i - a potion of cancellation {unknown}
 k - 3 potions of curing
 l - a potion of haste {unknown}
 q - 2 potions of ambrosia {unknown}
 t - a potion of magic {unknown}
 w - a potion of berserk rage {unknown}
Comestibles
 f - 3 rations


   Skills:
 + Level 4.2 Fighting
 + Level 5.0 Maces & Flails
 + Level 4.3 Armour
 + Level 1.5 Dodging
 + Level 4.8 Shields


You had 6 spell levels left.
You didn't know any spells.
Your spell library was empty.

Dungeon Overview and Level Annotations

Branches:
Dungeon (4/15)
 Temple: D:4-7

Altars:
Gozag
Nemelex Xobeh
Ru


Innate Abilities, Weirdness & Mutations

You are resistant to torment.
Your stone body is resilient. (AC +4)
You are immune to poison.
You resist negative energy. (rN+)
You are resistant to electric shocks. (rElec)
You can survive without breathing.
You are immune to petrification.
You are immune to rotting.


Message History

The ice beast freezes your killer bee!
Your killer bee dies!
Your killer bee's corpse disappears in a puff of smoke!
You draw a card...
You have drawn the Orb.
Press: ? - help, Shift-Dir - straight line, f - ice beast
Aim: an ice beast (blue smoke, severely wounded)
The orb of energy hits the ice beast.
The ice beast is severely wounded.
The deck of cards glows with a rainbow of weird colours and disappears.
You barely miss the ice beast.
The ice beast is severely wounded.
The ice beast hits you but does no damage.
You hit the ice beast.
The ice beast is almost dead.
The ice beast hits you.
* * * LOW HITPOINT WARNING * * *
The ice beast freezes you!
You die...
Your body disappears without a glow.

.###.# ..#.#
#######...#
#..^[.#..########
#.###............
#.##..###(######
#.##.## #...#
#Y##. ###.# #@##.
#.####.# #.##o
##......# #.##.
#...#####
#..oY......#.).###
... #########.#..
...# ..........#
#### #######<...
#####


You could see an ice beast.

Vanquished Creatures
  Sigmund (D:2)
  2 orc wizards (D:4)
  A jelly (D:3)
  Jessica (D:3)
  An iguana (D:3)
  4 gnolls (D:3)
  4 adders
  A worm (D:2)
  2 dart slugs
  4 leopard geckos
  6 orcs
  4 giant cockroaches
  8 goblins
  7 hobgoblins
  3 jackals (D:1)
  2 quokkas
  4 ball pythons
  7 bats
  A frilled lizard (D:2)
  12 kobolds
  13 rats
88 creatures vanquished.

Vanquished Creatures (others)
  An ogre (D:4)
  A hound (D:4)
  An orc wizard (D:4)
  A worker ant (D:4)
  An adder (D:4)
  A giant cockroach (D:4)
6 creatures vanquished.

Grand Total: 94 creatures vanquished

Notes
Turn   | Place    | Note
-------+----------+-------------------------------------------
     0 | D:1      | Moonwind the Gargoyle Fighter began the quest for the Orb.
     0 | D:1      | Reached XP level 1. HP: 14/14 MP: 1/1
   170 | D:1      | Reached XP level 2. HP: 17/19 MP: 2/2
   447 | D:1      | Reached XP level 3. HP: 23/23 MP: 3/3
   946 | D:2      | Found a sparkling altar of Nemelex Xobeh.
   969 | D:2      | Became a worshipper of Nemelex Xobeh the Trickster
   987 | D:2      | Noticed Sigmund
  1004 | D:2      | Killed Sigmund
  1004 | D:2      | Reached skill level 4 in Maces & Flails
  1004 | D:2      | Reached skill level 1 in Dodging
  1004 | D:2      | Reached XP level 4. HP: 8/29 MP: 4/4
  1004 | D:2      | Reached XP level 5. HP: 9/33 MP: 5/5
  1013 | D:2      | Received a gift from Nemelex Xobeh
  1043 | D:2      | Reached XP level 6. HP: 14/38 MP: 6/6
  1663 | D:3      | Found a sacrificial altar of Ru.
  1804 | D:3      | Noticed Jessica
  1812 | D:3      | Killed Jessica
  1946 | D:3      | Found an opulent altar of Gozag.
  2728 | D:4      | Reached skill level 5 in Maces & Flails
  2728 | D:4      | Reached XP level 7. HP: 43/43 MP: 7/7
  2810 | D:4      | Slain by an ice beast

Skill      XL: |  1  2  3  4  5  6 |
---------------+-------------------+-----
Maces & Flails | 4 5 |  5.0
Armour         | 4 |  4.3
Dodging        | 1 |  1.5
Shields        | 4 |  4.8
Fighting       | 4 |  4.2

Action                   |  1- 3 |  4- 6 |  7- 9 || total
-------------------------+-------+-------+-------++-------
Melee: Flail             |   182 |   205 |    37 ||   424
 Abil: Draw Destruction  |       |     1 |     1 ||     2
       Draw Escape       |       |       |     2 ||     2
       Draw Summoning    |       |       |     1 ||     1
  Use: Potion            |     1 |       |       ||     1
       Scroll            |       |     4 |     1 ||     5
  Eat: Chunk             |       |     6 |       ||     6
Armor: Scale mail        |    86 |   106 |    25 ||   217
Dodge: Dodged            |    53 |    78 |     8 ||   139
Block: Shield            |    97 |   118 |    20 ||   235
